 Dungeon Crawl Stone Soup version 0.18.1-6-gd335043 (webtiles) character file.

723 Scarto the Covered (level 7, -3/55 HPs)
             Began as a Demonspawn Fighter on May 20, 2016.
             Slain by an orc warrior
             ... wielding a +0 dire flail
              (11 damage)
             ... on level 4 of the Dungeon.
             The game lasted 00:08:33 (3639 turns).

Scarto the Covered (Demonspawn Fighter)             Turns: 3639, Time: 00:08:35

Health: -3/55      AC: 16    Str: 18    XL:     7   Next: 43%
Magic:  7/7        EV: 10    Int: 10    God:
Gold:   194        SH: 13    Dex: 17    Spells: 0 memorised, 6 levels left

rFire  . . .     SeeInvis .     r - +3 flail
rCold  + + .     Gourm    .     p - +2 chain mail {rC+}
rNeg   . . .     Faith    .     c - +0 shield
rPois  .         Spirit   .     o - +1 helmet
rElec  .         Dismiss  .     (no cloak)
rCorr  .         Reflect  .     (no gloves)
SustAt .         Harm     .     (no boots)
MR     .....                    (no amulet)
Stlth  ..........               (no ring)
                                (no ring)

@: agile, not resistant to hostile enchantments, extremely unstealthy
A: talons 2, large bone plates 2, cold resistance 1
a: no special abilities


You were on level 4 of the Dungeon.
You were not hungry.

You visited 1 branch of the dungeon, and saw 5 of its levels.
You also visited: Sewer.

You collected 194 gold pieces.

Inventory:

Hand Weapons
 a - a +0 war axe
 r - a +3 flail (weapon)
Armour
 c - a +0 shield (worn)
 o - a +1 helmet (worn)
 p - a +2 chain mail of cold resistance (worn)
 v - a +2 ring mail of fire resistance
Jewellery
 w - an uncursed ring of stealth {unknown}
Wands
 e - a wand of paralysis (14/24)
 t - a wand of lightning (8/15)
Scrolls
 b - a scroll of random uselessness {unknown}
 l - a scroll of amnesia
Potions
 h - 2 potions of curing
 i - 3 potions of flight
 j - a potion of cancellation
 k - a potion of degeneration {unknown}
 m - 2 potions of invisibility {unknown}
 q - 3 potions of cure mutation {unknown}
 z - a potion of haste {unknown}
Comestibles
 f - 3 bread rations
 n - 2 meat rations
 s - a slice of pizza
 x - a beef jerky


   Skills:
 + Level 4.7 Fighting
 + Level 4.1(4.2) Axes
 + Level 1.0(2.8) Maces & Flails
 + Level 4.8 Armour
 + Level 4.3 Shields


You had 6 spell levels left.
You didn't know any spells.

Dungeon Overview and Level Annotations

Branches:
Dungeon (5/15)
 Temple: D:4-7

Altars:
Pakellas
Sif Muna


Innate Abilities, Weirdness & Mutations

You have razor-sharp toenails.
You are mostly covered in large bone plates (AC +3, SH +3).
Your flesh is cold resistant.


Message History

* * * LOW HITPOINT WARNING * * *
You sock the orc warrior!
The orc warrior is severely wounded.
The orc warrior closely misses you.
You closely miss the orc warrior.
The orc warrior is severely wounded.
You block the orc warrior's attack.
You hit the orc warrior but do no damage.
You claw the orc warrior, but do no damage.
The orc warrior is severely wounded.
You block the orc warrior's attack.
You hit the orc warrior.
You claw the orc warrior, but do no damage.
The orc warrior is severely wounded.
The orc warrior barely misses you.
You closely miss the orc warrior.
You claw the orc warrior, but do no damage.
The orc warrior is severely wounded.
The orc warrior hits you with a dire flail!
You die...

#################################
..#....#.............[.....(..#..
..#>...#......[...............#..
..##..#########..##..###..##..##.
..##..##...########.?###'###..##.
..#..........#.......#........#..
..##..##.....'.o@....#........'..
..###'##.....#.......#........#..
..##..##...############..###.###.
..##..##...#############'###+###.
..##..##..>............).#....#..
..##..##.................'....#..
...'...#.................#....#..
...#...#.................#..(.#..
.###..#######.###.###.##+##.###.#


You could see an orc warrior.

Vanquished Creatures
  A big kobold (Sewer)
  Blork the orc (D:5)
  2 scorpions (D:4)
  A hound (D:4)
  2 orc priests (D:5)
  3 orc wizards (D:5)
  A giant frog skeleton (D:4)
  An iguana (D:5)
  A worker ant (D:4)
  6 adders
  4 gnolls (D:3)
  A river rat (Sewer)
  2 oozes
  2 adder skeletons
  An adder zombie (D:3)
  A worm (D:2)
  3 giant geckos
  15 orcs
  6 giant cockroaches
  6 goblins
  8 hobgoblins
  9 jackals
  13 kobolds
  3 quokkas
  2 ball pythons
  3 bats
  4 giant newts
  12 rats
114 creatures vanquished.

Notes
Turn   | Place    | Note
--------------------------------------------------------------
     0 | D:1      | Scarto the Demonspawn Fighter began the quest for the Orb.
     0 | D:1      | Reached XP level 1. HP: 18/18 MP: 1/1
    91 | D:1      | Gained mutation: You have sharp toenails. [demonic ancestry]
    91 | D:1      | Reached XP level 2. HP: 21/24 MP: 2/2
   828 | D:2      | Gained mutation: You are partially covered in large bone plates (AC +2, SH +2). [demonic ancestry]
   828 | D:2      | Reached XP level 3. HP: 29/29 MP: 3/3
  1222 | D:2      | Reached XP level 4. HP: 30/35 MP: 4/4
  1246 | D:2      | Found a deep blue altar of Sif Muna.
  1761 | D:3      | Gained mutation: You are mostly covered in large bone plates (AC +3, SH +3). [demonic ancestry]
  1761 | D:3      | Reached XP level 5. HP: 32/42 MP: 5/5
  2085 | D:3      | Found an oddly glowing altar of Pakellas.
  2358 | D:4      | Found a glowing drain.
  2489 | Sewer    | Entered a sewer
  2576 | Sewer    | Gained mutation: Your flesh is cold resistant. [demonic ancestry]
  2576 | Sewer    | Reached XP level 6. HP: 42/48 MP: 6/6
  2597 | Sewer    | Found a white marble altar of Elyvilon.
  3184 | D:5      | Entered Level 5 of the Dungeon
  3366 | D:5      | Gained mutation: You have razor-sharp toenails. [demonic ancestry]
  3366 | D:5      | Reached XP level 7. HP: 50/55 MP: 7/7
  3373 | D:5      | Noticed Blork the orc
  3387 | D:5      | Killed Blork the orc
  3527 | D:5      | Reached skill level 1 in Maces & Flails
  3639 | D:4      | Slain by an orc warrior

Skill      XL: |  1  2  3  4  5  6  7 |
---------------+----------------------+-----
Axes           | 2 3 4 |  4.1
Armour         | 3 4 |  4.8
Shields        | 3 4 |  4.3
Fighting       | 4 |  4.7
Maces & Flails | 1 |  1.0

Action                   |  1- 3 |  4- 6 |  7- 9 || total
-------------------------+-------+-------+-------++-------
Melee: War axe           |   131 |   201 |       ||   332
       Kick              |    22 |    57 |    27 ||   106
       Flail             |       |    10 |    75 ||    85
  Use: Scroll            |     4 |     8 |       ||    12
       Potion            |       |     1 |     6 ||     7
  Eat: Chunk             |     1 |     3 |     1 ||     5
       Bread ration      |       |     1 |       ||     1
Armor: Scale mail        |    11 |       |       ||    11
       Chain mail        |    67 |   152 |    42 ||   261
Dodge: Dodged            |    31 |    35 |    17 ||    83
Block: Shield            |    76 |   172 |    51 ||   299
